 Dungeon Crawl Stone Soup version 0.29.0-4-gdea44cf6ec (webtiles) character file.

Game seed: 3302373849711494848

255 qw the Ruffian (level 5, -1/50 HPs)
             Began as a Troll Cinder Acolyte on Sept 3, 2022.
             Was a High Priest of Ignis.
             Slain by an orc warrior
             ... wielding a +0 morningstar
              (11 damage)
             ... on level 4 of the Dungeon.
             The game lasted 00:01:19 (2141 turns).

qw the Ruffian (Troll Cinder Acolyte)               Turns: 2141, Time: 00:01:19

Health: -1/50      AC: 11    Str: 24    XL:     5   Next: 91%
Magic:  5/5        EV:  9    Int: 10    God:    Ignis [*****.]
Gold:   94         SH:  0    Dex:  5    Spells: 6/6 levels left

rFire   + . .      SeeInvis .     - Unarmed
rCold   . . .      Faith    .   (no shield)
rNeg    . . .      Spirit   .   a - +0 robe
rPois   .          Reflect  .   (helmet restricted)
rElec   .          Harm     .   (no cloak)
rCorr   .          Rampage  .   (gloves unavailable)
Will    .....                   (boots unavailable)
Stlth   +.........              (no amulet)
HPRegen 0.96/turn               (no ring)
MPRegen 0.09/turn               (no ring)

@: fiery-armoured
A: large, unfitting armour, claws 3, regeneration 1, shaggy fur 1, tough skin 1
a: Renounce Religion, Fiery Armour, Foxfire Swarm, Rising Flame


You were on level 4 of the Dungeon.
You worshipped Ignis.
Ignis was extremely pleased with you.
You visited 1 branch of the dungeon, and saw 4 of its levels.

You collected 94 gold pieces.


Innate Abilities, Weirdness & Mutations

You are too large for most types of armour.
You have claws for hands.
Your natural rate of healing is unusually fast.
You are covered in fur. (AC +1)
You have tough skin. (AC +1)


   Skills:
 - Level 2.4 Fighting
 + Level 6.7 Unarmed Combat
 - Level 1.0 Spellcasting
 - Level 2.1 Fire Magic


You had 6 spell levels left.
You didn't know any spells.
Your spell library contained the following spells:

 Spells                   Type           Power      Damage    Failure   Level
 Scorch                   Fire           8%         2d5       22%         2

Inventory:

Armour
 a - a +0 robe (worn)
Jewellery
 c - a ring of fire
Scrolls
 e - a scroll of enchant weapon {unknown}
 h - 3 scrolls of teleportation
 k - 2 scrolls of identify
Potions
 b - a potion of flight {unknown}
 d - 2 potions of degeneration {unknown}
 f - a potion of curing
 g - a potion of resistance {unknown}
 j - a potion of magic {unknown}
 l - a potion of cancellation {unknown}
 m - a potion of berserk rage {unknown}

Dungeon Overview and Level Annotations

Branches:
Dungeon (4/15)             Temple (0/1) D:4

Altars:
Kikubaaqudgha
Nemelex Xobeh


Message History

You hear some strange, mumbled words.
You are confused.
Something hits you but does no damage.
The orc priest hits you but does no damage.
2136 ||| DRINKING 2 potions of curing.
You feel better.
2136 ||| (to cure confusion)
The orc priest closely misses you. Something hits you but does no damage.
You hear some strange, mumbled words.
A magic dart appears from out of thin air!
The magic dart hits you.
The orc warrior hits you with a +0 morningstar!
The orc warrior is burned by your cloak of flames.
The orc warrior is heavily wounded.
You closely miss the orc warrior.
The orc warrior is heavily wounded.
Something hits you. The orc warrior misses you.
Something hits you but does no damage.
The orc priest hits you but does no damage.
You completely miss the orc warrior.
The orc warrior is heavily wounded.
You scratch the orc warrior.
The orc warrior is severely wounded.
The orc warrior barely misses you.
You hear some strange, mumbled words.
A puff of flame appears from out of thin air!
The puff of flame hits you. You resist. The orc priest barely misses you.
You scratch the orc warrior but do no damage.
The orc warrior is severely wounded.
The orc warrior barely misses you.
You hear some strange, mumbled words.
A puff of flame appears from out of thin air!
The puff of flame misses you.
The orc priest mumbles some strange prayers to Beogh against you.
You barely resist. Something hits you.
You closely miss the orc warrior.
The orc warrior is severely wounded.
The orc priest calls down the wrath of Beogh upon you.
Pain shoots through your body!
The orc warrior hits you with a +0 morningstar!
You die...

....>..........#.##....
####.#..........##....
#.#..........##)...
#####.#................
...............#.##....
#####.#........#.##....
###.#........#.##....
###....!.......#.##....
#.....@.###...##.##....
#....{o..........##....
#.......o.....##.##....
#.............##.##....
#.......###...# #....
#......!# ...# #....
#.......# ... ###.....#
.. #.....#


You could see an orc warrior and an orc priest.

Vanquished Creatures
  A phantom (D:4)
  A jelly (D:4)
  An iguana (D:4)
  An orc wizard (D:3)
  4 adders
  A worm (D:2)
  2 dart slugs
  5 orcs
  A bat (D:3)
  3 endoplasms
  2 giant cockroaches (D:1)
  6 goblins
  4 hobgoblins
  2 jackals (D:1)
  2 quokkas (D:2)
  4 ball pythons
  6 frilled lizards
  9 kobolds
  6 rats
61 creatures vanquished.

Vanquished Creatures (others)
  A human (D:3)
1 creature vanquished.

Grand Total: 62 creatures vanquished

Notes
Turn   | Place    | Note
-------+----------+-------------------------------------------
     0 | D:1      | qw the Troll Cinder Acolyte began the quest for the Orb.
     0 | D:1      | Reached XP level 1. HP: 22/22 MP: 1/1
     0 | D:1      | 0 ||| qw: Version: 0.1-a-102-g441f92d
     0 | D:1      | 0 ||| qw: Game counter: 5104
     0 | D:1      | 0 ||| qw: Always use a shield: true
     0 | D:1      | 0 ||| qw: God list: Okawaru
     0 | D:1      | 0 ||| qw: Allow faded altars: false
     0 | D:1      | 0 ||| qw: Do Orc after D:15 true
     0 | D:1      | 0 ||| qw: Do second Lair branch before Depths: true
     0 | D:1      | 0 ||| qw: Lair rune preference: random
     0 | D:1      | 0 ||| qw: Plans: Normal
     0 | D:1      | 0 ||| PLANNING D:1-11
    18 | D:1      | 18 ||| Stepping ~*~*~tactically~*~*~ (outnumbered).
   113 | D:1      | Reached XP level 2. HP: 29/29 MP: 2/2
   248 | D:1      | Found a faded altar of an unknown god.
   429 | D:1      | 429 ||| READING scroll labelled YLEATRAHAA.
   430 | D:1      | 430 ||| READING 4 scrolls labelled DOQOYCK FODDO.
   472 | D:2      | Reached skill level 4 in Unarmed Combat
   472 | D:2      | Reached XP level 3. HP: 28/36 MP: 3/3
   751 | D:2      | 751 ||| Stepping ~*~*~tactically~*~*~ (stealth).
   859 | D:2      | 859 ||| Stepping ~*~*~tactically~*~*~ (stealth).
   862 | D:2      | 862 ||| Stepping ~*~*~tactically~*~*~ (stealth).
   932 | D:2      | You fall into a shaft and drop 1 floor!
   933 | D:3      | 933 ||| READING scroll labelled ROOKHL IRPHIWAP.
   934 | D:3      | 934 ||| READING scroll labelled TOEZXIL ICWYAS.
   935 | D:3      | 935 ||| DRINKING 2 white potions.
   990 | D:2      | 990 ||| Stepping ~*~*~tactically~*~*~ (stealth).
  1119 | D:3      | 1119 ||| Stepping ~*~*~tactically~*~*~ (stealth).
  1123 | D:3      | 1123 ||| Stepping ~*~*~tactically~*~*~ (stealth).
  1127 | D:3      | 1127 ||| Stepping ~*~*~tactically~*~*~ (stealth).
  1131 | D:3      | 1131 ||| Stepping ~*~*~tactically~*~*~ (outnumbered).
  1132 | D:3      | 1132 ||| Stepping ~*~*~tactically~*~*~ (outnumbered).
  1133 | D:3      | 1133 ||| Stepping ~*~*~tactically~*~*~ (outnumbered).
  1145 | D:3      | Found a sparkling altar of Nemelex Xobeh.
  1249 | D:3      | 1249 ||| Stepping ~*~*~tactically~*~*~ (stealth).
  1250 | D:3      | 1250 ||| Stepping ~*~*~tactically~*~*~ (stealth).
  1254 | D:3      | 1254 ||| Stepping ~*~*~tactically~*~*~ (hiding).
  1258 | D:3      | Reached XP level 4. HP: 41/44 MP: 4/4
  1263 | D:3      | Reached skill level 5 in Unarmed Combat
  1688 | D:3      | 1688 ||| Stepping ~*~*~tactically~*~*~ (stealth).
  1720 | D:3      | Found an ancient bone altar of Kikubaaqudgha.
  1721 | D:3      | Noticed a human
  1723 | D:3      | Killed a human
  1726 | D:3      | 1726 ||| READING scroll labelled CIWIF VAPHADET.
  1727 | D:3      | 1727 ||| DRINKING 2 fizzy silvery potions.
  1828 | D:3      | 1828 ||| DROPPING potion of ambrosia.
  1862 | D:4      | 1862 ||| Stepping ~*~*~tactically~*~*~ (hiding).
  1864 | D:4      | 1864 ||| Stepping ~*~*~tactically~*~*~ (hiding).
  1873 | D:4      | Reached XP level 5. HP: 50/50 MP: 5/5
  1990 | D:4      | Reached skill level 6 in Unarmed Combat
  2016 | D:4      | Found a staircase to the Ecumenical Temple.
  2104 | D:4      | Noticed a phantom
  2117 | D:4      | Killed a phantom
  2127 | D:4      | Noticed an orc warrior
  2128 | D:4      | 2128 ||| INVOKING Fiery Armour.
  2132 | D:4      | 2132 ||| Stepping ~*~*~tactically~*~*~ (outnumbered).
  2136 | D:4      | 2136 ||| DRINKING 2 potions of curing.
  2136 | D:4      | 2136 ||| (to cure confusion)
  2141 | D:4      | HP: 10/50 [orc priest/nerve-wracking pain (5)]
  2141 | D:4      | Slain by an orc warrior

Levels and vault maps discovered:
D:1:      doesnt_arrival_eight_statues, layout_rooms,
          dreamdust_ecumenical_altar_statues
D:2:      layout_basic, minmay_misc_feat_room
D:3:      layout_loops_ring, nemelex_spade_bored_becter, tgw_kikubaaqudgha
D:4:      layout_basic, minmay_temple_entry_waves, kennysheep_dice

Skill      XL: |  1  2  3  4  5 |
---------------+----------------+-----
Unarmed Combat | 4 5 6 |  6.7
Fighting       | |  2.4
Spellcasting   | |  1.0
Fire Magic     | |  2.1

Action                   |  1- 3 |  4- 6 || total
-------------------------+-------+-------++-------
Melee: Unarmed           |   108 |    65 ||   173
       Punch             |     2 |       ||     2
Invok: Fiery Armour      |       |     1 ||     1
  Use: Scroll            |     4 |     1 ||     5
       Potion            |     1 |     2 ||     3
Armor: Robe              |    18 |    16 ||    34
Dodge: Dodged            |    35 |    19 ||    54

Table legend:
 A = Non-vault XP
 B = Vault XP
 C = Vault XP percentage of total XP
 D = Non-vault monster count
 E = Vault monster count
 F = Vault count percentage of total count
                 A         B        C        D         E       F
            +---------+---------+-------+---------+---------+-------
      Total |     365 |       0 |   0.0 |      61 |       0 |   0.0
            +---------+---------+-------+---------+---------+-------
        D:1 |      28 |       0 |   0.0 |      16 |       0 |   0.0
        D:2 |      54 |       0 |   0.0 |      18 |       0 |   0.0
        D:3 |      77 |       0 |   0.0 |      18 |       0 |   0.0
        D:4 |     206 |       0 |   0.0 |       9 |       0 |   0.0
            +---------+---------+-------+---------+---------+-------
